 Dungeon Crawl Stone Soup version 0.30-a0-723-gc1506a1cf0 (webtiles) character file.

Game seed: 15017570561467356045

2470 Leeroy the Nimble (level 9, -5/49 HPs)
             Began as a Tengu Warper on Jan 28, 2023.
             Was a Follower of the Shining One.
             Slain by a basilisk (7 damage)
             ... while petrified by a basilisk
             ... on level 8 of the Dungeon.
             The game lasted 00:13:17 (7073 turns).

Leeroy the Nimble (Tengu Warper)                    Turns: 7073, Time: 00:13:18

Health: -5/49      AC:  6    Str: 11    XL:     9   Next: 51%
Magic:  12/13      EV:  2    Int: 24    God:    the Shining One [*.....]
Gold:   62         SH:  0    Dex: 18    Spells: 3/12 levels left

rFire   . . .      SeeInvis .    E - +3 dagger "Ylioben" {flame, Int+4}
rCold   . . .      Faith    .    (no shield)
rNeg    + + +      Spirit   .    N - +0 robe "Exegriesk" {Int+3}
rPois   ∞          Reflect  .    Q - +2 hat {Int+3}
rElec   .          Harm     .    J - +1 cloak
rCorr   .          Rampage  .    (no gloves)
Will    .....                    (boots unavailable)
Stlth   +                        (no amulet)
HPRegen 0.28/turn                m - ring of positive energy
MPRegen 0.13/turn                (no ring)

@: divinely shielded, petrified, flying quickly and evasively, glowing, quick
A: beak, talons 3, nimble flight
a: Renounce Religion, Divine Shield


You were on level 8 of the Dungeon.
You worshipped the Shining One.
The Shining One was aware of your devotion.
You visited 2 branches of the dungeon, and saw 9 of its levels.

You collected 341 gold pieces.
You spent 279 gold pieces at shops.

Inventory:

Hand Weapons
 a - a +0 falchion
 t - a +2 dagger of speed
 A - a +0 broad axe
 E - the +3 dagger "Ylioben" (weapon) {flame, Int+4}
   (You took it off a hobgoblin on level 4 of the Dungeon)

   Int:       It affects your intelligence (+4).
 O - a +2 whip of electrocution
 V - a +0 dagger of chaos
Missiles
 d - 6 boomerangs of dispersal
 k - 13 atropa-tipped darts
 p - 6 curare-tipped darts
 F - 17 poisoned darts
 L - a boomerang
Armour
 b - a +0 leather armour
 n - a +0 cloak
 x - a +2 tower shield
 J - a +1 cloak (worn)
 N - the +0 robe "Exegriesk" (worn) {Int+3}
   (You found it on level 7 of the Dungeon)

   Int:       It affects your intelligence (+3).
 P - a +3 leather armour
 Q - a +2 hat of intelligence (worn)
 R - the +0 robe "Edipitej" {+Inv SInv}
   (You bought it in a shop on level 7 of the Dungeon)

   SInv:      It lets you see invisible.
   +Inv:      It lets you turn invisible.
 W - a +1 robe
Magical Staves
 r - a staff of fire
Jewellery
 m - a ring of positive energy (left hand)
 z - a +6 ring of dexterity
 K - a ring of poison resistance
Wands
 o - a wand of charming (3)
 B - a wand of iceblast (5) (quivered)
 S - a wand of light (6)
 T - a wand of digging (8)
 U - a wand of polymorph (7)
Scrolls
 c - 2 scrolls of blinking
 g - 2 scrolls of poison {unknown}
 h - 2 scrolls of immolation {unknown}
 i - 9 scrolls of identify {unknown}
 s - 2 scrolls of summoning {unknown}
 u - a scroll of torment {unknown}
 v - 3 scrolls of fear {unknown}
 w - 3 scrolls of enchant armour {unknown}
 y - 3 scrolls of teleportation {unknown}
 C - a scroll of amnesia {unknown}
 D - 2 scrolls of enchant weapon {unknown}
 M - a scroll of acquirement {unknown}
Potions
 e - 2 potions of curing
 f - a potion of degeneration {unknown}
 j - 2 potions of brilliance {unknown}
 l - 4 potions of haste {unknown}
 q - 2 potions of invisibility {unknown}
 G - a potion of flight {unknown}
 H - a potion of ambrosia {unknown}
 I - a potion of mutation {unknown}


   Skills:
 + Level 2.9 Fighting
 - Level 5.1 Long Blades
 - Level 1.0 Throwing
 - Level 1.1 Armour
 - Level 12.2 Dodging
 - Level 2.0 Spellcasting
 - Level 2.4 Translocations
 * Level 4.2 Air Magic


You had 3 spell levels left.
You knew the following spells:

 Your Spells              Type           Power      Damage    Failure   Level
a - Blink                 Tloc           26%        N/A       7%          2
b - Vhi's Electric Charg  Tloc/Air       36%        N/A       9%          3
c - Manifold Assault      Tloc           13%        N/A       41%         4

Your spell library contained the following spells:

 Spells                   Type           Power      Damage    Failure   Level
 Lesser Beckoning         Tloc           26%        N/A       7%          2
 Teleport Other           Tloc           13%        N/A       14%         3
 Freezing Cloud           Conj/Ice/Air   4%         6-21      88%         5
 Simulacrum               Ice/Necr       1%         N/A       100%        6
 Polar Vortex             Ice            1%         N/A       100%        9


Dungeon Overview and Level Annotations

Branches:
Dungeon (8/15)             Temple (1/1) D:4
   Lair: D:8-11

Altars:
Ashenzari
Cheibriados
Elyvilon
Fedhas
Gozag
Hepliaklqana
Makhleb
Nemelex Xobeh
Okawaru
Ru
Sif Muna
Trog
Vehumet
Wu Jian
Yredelemnul
The Shining One

Shops:
D:4 (   D:7 [


Innate Abilities, Weirdness & Mutations

You have a beak for a mouth.
You have claws for feet.
Your magical nature lets you fly swiftly and evasively.


Message History

There is a stone staircase leading up here.
You hit the yak. You burn the yak.
The yak is almost dead.
The basilisk gazes at you.
You are slowing down.
The yak misses you. The basilisk gazes at you.
Your limbs have turned to stone.
The yak gores you. The basilisk gazes at you.
Your limbs have turned to stone.
The yak gores you but does no damage. The basilisk gazes at you.
You resist with some effort.
You have turned to stone.
You stop ascending the stairs.
The basilisk barely misses you. The yak barely misses you.
The basilisk bites you! The basilisk gazes at you. The yak gores you!
The basilisk hisses menacingly.
The basilisk bites you but does no damage.
The basilisk bites you. The yak gores you!
* * * LOW HITPOINT WARNING * * *
The basilisk bites you.
* * * LOW HITPOINT WARNING * * *
The basilisk bites you.
* * * LOW HITPOINT WARNING * * *
The yak gores you.
* * * LOW HITPOINT WARNING * * *
The basilisk gazes at you. You resist with some effort.
The basilisk bites you but does no damage.
The yak gores you.
* * * LOW HITPOINT WARNING * * *
The basilisk gazes at you. You resist with some effort.
The basilisk gazes at you. You resist with some effort. The yak gores you.
* * * LOW HITPOINT WARNING * * *
The basilisk gazes at you. The yak completely misses you.
The basilisk bites you!
You die...

##. ##.. .## ...##..#
..##. # #.....###....
#.###.....#...#
###.#.<.........#
#.............[.#
#.#.#..........#
#.#.......@l.#
#.#####.###.....lY.#
#..................#
#######.####..........
#.####...........
#####.[.........?...P.
#..)..####.......#....
###...###
##.#######... #...#.#
#.#


You could see a yak and 2 basilisks.

Vanquished Creatures
  Psyche (D:8)
  A wraith (D:6)
  A steam dragon (D:8)
  2 water moccasins
  2 sky beasts
  An ogre (D:4)
  A centaur (D:6)
  A phantom (D:6)
  A kobold brigand (D:8)
  A bullfrog (D:7)
  2 necrophages
  5 scorpions
  3 hounds
  2 orc priests
  2 jellies
  2 gnoll boudas
  3 iguanas
  Jessica (D:2)
  2 orc wizards
  Robin (D:2)
  12 gnolls
  9 adders
  A shadow imp (D:6)
  An ufetubus (D:5)
  5 worms
  16 orcs
  7 endoplasms
  3 giant cockroaches (D:1)
  11 goblins
  11 hobgoblins
  6 jackals
  3 quokkas
  7 ball pythons
  6 bats
  4 frilled lizards
  11 kobolds
  10 rats
158 creatures vanquished.

Notes
Turn   | Place    | Note
-------+----------+-------------------------------------------
     0 | D:1      | Leeroy the Tengu Warper began the quest for the Orb.
     0 | D:1      | Reached XP level 1. HP: 12/12 MP: 4/4
   167 | D:1      | Reached XP level 2. HP: 16/17 MP: 6/6
   440 | D:1      | Reached XP level 3. HP: 21/21 MP: 7/7
  1437 | D:2      | Reached XP level 4. HP: 26/26 MP: 8/8
  1450 | D:2      | Noticed Robin
  1477 | D:2      | Noticed Jessica
  1486 | D:2      | Killed Jessica
  1508 | D:2      | Killed Robin
  1509 | D:2      | Reached skill level 5 in Long Blades
  1689 | D:3      | Learned a level 2 spell: Blink
  1693 | D:3      | Learned a level 3 spell: Vhi's Electric Charge
  1764 | D:3      | Reached skill level 3 in Dodging
  1764 | D:3      | Gained mutation: Your magical nature lets you fly swiftly
                  | and evasively. [Tengu growth]
  1764 | D:3      | Reached XP level 5. HP: 28/30 MP: 9/9
  1812 | D:3      | Noticed a moth of wrath
  1815 | D:3      | Found a bloodstained altar of Trog.
  1829 | D:3      | HP: 1/30 [worm (14)]
  1997 | D:3      | Found a glowing golden altar of the Shining One.
  2012 | D:3      | Became a worshipper of the Shining One
  2385 | D:4      | Noticed a sky beast
  2402 | D:4      | Killed a sky beast
  2403 | D:4      | Reached skill level 5 in Dodging
  2403 | D:4      | Reached XP level 6. HP: 21/35 MP: 10/10
  2713 | D:4      | Found a staircase to the Ecumenical Temple.
  2723 | D:4      | Reached skill level 6 in Dodging
  2729 | Temple   | Entered the Ecumenical Temple
  2974 | D:4      | Identified the +3 dagger "Ylioben" {flame, Int+4}
  3166 | D:4      | Reached XP level 7. HP: 38/40 MP: 11/11
  3197 | D:4      | Found Poistah's Weapon Shop.
  3501 | D:5      | Entered Level 5 of the Dungeon
  3511 | D:5      | Reached skill level 7 in Dodging
  3530 | D:5      | Found a basalt altar of Yredelemnul.
  3850 | D:5      | Reached skill level 8 in Dodging
  4238 | D:6      | Noticed a wraith
  4335 | D:6      | Killed a wraith
  4336 | D:6      | Reached skill level 9 in Dodging
  4336 | D:6      | Reached XP level 8. HP: 16/44 MP: 12/12
  4481 | D:6      | Reached * piety under the Shining One
  4577 | D:6      | Reached skill level 10 in Dodging
  5363 | D:7      | Found an opulent altar of Gozag.
  5366 | D:7      | Found a blossoming altar of Fedhas.
  5391 | D:7      | Reached skill level 11 in Dodging
  5391 | D:7      | Identified the +0 robe "Exegriesk" {Int+3}
  5408 | D:7      | Learned a level 4 spell: Manifold Assault
  5469 | D:6      | HP: 2/44 [gnoll/+2 whip of electrocution[a gnoll bouda]
                  | (7)]
  5674 | D:6      | Reached XP level 9. HP: 10/48 MP: 13/13
  5996 | D:7      | Found an ornate altar of the Wu Jian Council.
  6051 | D:7      | Reached skill level 12 in Dodging
  6176 | D:7      | Found Zoleer's Antique Armour Boutique.
  6185 | D:7      | Bought a runed hat for 154 gold pieces
  6190 | D:7      | Bought a sheer robe for 125 gold pieces
  6190 | D:7      | Identified the +0 robe "Edipitej" {+Inv SInv} (You bought
                  | it in a shop on level 7 of the Dungeon)
  6551 | D:8      | Noticed Psyche
  7053 | D:8      | Killed Psyche
  7072 | D:8      | HP: 2/49 [yak (2)]
  7073 | D:8      | Slain by a basilisk

Illustrated notes

Levels and vault maps discovered:
D:1:      lightli_arrival_farm, layout_basic
D:2:      layout_basic, nicolae_figureground_sparkle, uniq_jessica, uniq_robin
D:3:      layout_loops_cross, mainiacjoe_overflow_six_doors_small, tgw_trog
D:4:      layout_loops_ring, minmay_temple_entry_statues_fountains,
          serial_shops, nicolae_shop_bloodbath_and_beyond
D:5:      layout_rooms, yredelemnul_altar_generic
D:6:      layout_layer_cave, minmay_misc_feat_nine_boxes,
          kennysheep_opposing_triangles
D:7:      layout_rooms, mainiacjoe_overflow_boulevard,
          nicolae_overflow_hidden_temple, serial_shops, nicolae_stop_n_shop_1
D:8:      layout_loops_corners, nicolae_dithmenos_shadow_blocks,
          david_lair_generic, minmay_misc_feat_pillars, nicolae_zen_rock_garden,
          grunt_ministairs_15, chequers_serial_rivers_large_b, uniq_pikel,
          uniq_psyche
Temple:   nicolae_temple_two_arcs

Skill      XL: |  1  2  3  4  5  6  7  8  9 |
---------------+----------------------------+-----
Long Blades    | 3 4 5 |  5.1
Dodging        | 3 5 6 9 11 12 | 12.2
Air Magic      | 4 |  4.2
Fighting       | |  2.9
Throwing       | |  1.0
Armour         | |  1.1
Spellcasting   | |  2.0
Translocations | |  2.4

Action                     |  1- 3 |  4- 6 |  7- 9 || total
---------------------------+-------+-------+-------++-------
  Melee: Falchion          |    88 |       |       ||    88
         Kick              |    22 |    49 |   116 ||   187
         Peck              |    12 |    26 |    59 ||    97
         Dagger            |    19 |   167 |   259 ||   445
         Punch             |       |     2 |     4 ||     6
  Throw: Dart              |       |       |     1 ||     1
         Boomerang         |       |       |     1 ||     1
   Cast: Blink             |       |       |     3 ||     3
 Invoke: Divine Shield     |       |       |     1 ||     1
  Evoke: Wand              |       |       |     3 ||     3
    Use: Potion            |       |       |     1 ||     1
   Stab: Sleeping          |     1 |     1 |       ||     2
 Armour: Leather armour    |    36 |    22 |    25 ||    83
         Robe              |       |       |    10 ||    10
  Dodge: Dodged            |    74 |    48 |   227 ||   349
  Block: Tower shield      |       |    57 |       ||    57

Table legend: (Time is in decaauts)
 A = Elapsed time spent in this place.
 B = Non-inter-level travel time spent in this place.
 C = Inter-level travel time spent in this place.
 D = Time resting spent in this place.
 E = Time spent auto-exploring this place.
 F = Levels seen in this place.
 G = Mean time per level.
                   A        B        C        D        E       F      G
               +--------+--------+--------+--------+--------+-----+--------+
         Total |   6746 |   6401 |    345 |    675 |   4445 |   9 |  749.6 |
       Dungeon |   6655 |   6319 |    336 |    675 |   4371 |   8 |  831.9 |
        Temple |     91 |     82 |      9 |      0 |     74 |   1 |   91.0 |
               +--------+--------+--------+--------+--------+-----+--------+

Top non-repeatable levels by time:
     D:6: 1440 daAuts
     D:7: 978 daAuts
     D:4: 935 daAuts
     D:1: 873 daAuts
     D:2: 791 daAuts
     D:3: 784 daAuts
     D:5: 551 daAuts
     D:8: 300 daAuts
  Temple: 91 daAuts
